 Dungeon Crawl Stone Soup version 0.24.0-2-g5b39cebb1c (webtiles) character file.

Game seed: 9264291176609041851, levelgen mode: deterministic

948 roguesci the Ducker (level 7, -2/72 HPs)
             Began as a Troll Monk on Oct 31, 2019.
             Was a Follower of Ru.
             Slain by an ice beast (14 damage)
             ... on level 4 of the Dungeon.
             The game lasted 00:12:39 (3408 turns).

roguesci the Ducker (Troll Monk)                    Turns: 3408, Time: 00:12:39

Health: -2/72      AC:  6    Str: 22    XL:     7   Next: 89%
Magic:  6/6        EV: 13    Int:  6    God:    Ru [*.....]
Gold:   253        SH:  3    Dex: 16    Spells: 6/6 levels left

rFire    . . .     SeeInvis +     - Unarmed
rCold    . . .     Gourm    +   (no shield)
rNeg     . . .     Faith    .   a - +0 robe
rPois    .         Spirit   .   (helmet restricted)
rElec    .         Reflect  +   (no cloak)
rCorr    .         Harm     .   (gloves unavailable)
MR       .....                  (boots unavailable)
Stlth    ++........             g - +3 amulet of reflection
HPRegen  0.62/turn              o - +4 ring of dexterity
MPRegen  0.10/turn              f - ring of see invisible

@: hasted, very quick
A: large, unfitting armour, claws 3, fast metabolism 3, gourmand, regeneration
1, shaggy fur 1, tough skin 3, inability to train armour
a: Renounce Religion


You were on level 4 of the Dungeon.
You worshipped Ru.
Ru was aware of your devotion.
You were not hungry.

You visited 2 branches of the dungeon, and saw 6 of its levels.
You also visited: Sewer.

You collected 253 gold pieces.

Inventory:

Missiles
 i - 69 stones (quivered)
 t - 3 large rocks
Armour
 a - a +0 robe (worn)
Jewellery
 d - an uncursed ring of stealth {unknown}
 f - a ring of see invisible (right claw)
 g - a +3 amulet of reflection (around neck)
 o - a +4 ring of dexterity (left claw)
Wands
 e - a wand of flame (16)
 q - a wand of digging (6)
Scrolls
 c - a scroll of remove curse
 h - 3 scrolls of blinking {unknown}
 j - a scroll of fog {unknown}
 k - 2 scrolls of random uselessness {unknown}
 l - a scroll of identify
 p - 2 scrolls of teleportation {unknown}
Potions
 m - 3 potions of haste
 n - a potion of flight {unknown}
 r - a potion of lignification {unknown}
 s - a potion of might {unknown}
Comestibles
 b - 7 rations


   Skills:
 * Level 5.3 Fighting
 * Level 5.3 Dodging
 - Level 1.0 Stealth
 + Level 5.0 Unarmed Combat


You had 6 spell levels left.
You didn't know any spells.
Your spell library was empty.

Dungeon Overview and Level Annotations

Branches:
Dungeon (5/15)             Temple (1/1) D:4           Sewer (visited)

Altars:
Ashenzari
Dithmenos
Elyvilon
Fedhas
Gozag
Hepliaklqana
Kikubaaqudgha
Nemelex Xobeh
Ru
Uskayaw
Wu Jian
Yredelemnul
The Shining One

Shops:
D:4 *


Innate Abilities, Weirdness & Mutations

You are too large for most types of armour.
You have claws for hands.
Your metabolism is lightning-fast.
You like to eat raw meat.
Your natural rate of healing is unusually fast.
You are covered in fur. (AC +1)
You have extremely tough skin. (AC +3)
You cannot train Armour skill.


Message History

The ice beast misses you. The adder skeleton misses you.
You scratch the ice beast.
The ice beast is moderately wounded.
The ice beast hits you. The ice beast freezes you!
The adder skeleton bites you.
You are too injured to fight recklessly!
You are too injured to fight recklessly!
You are too injured to fight recklessly!
You are too injured to fight recklessly!
The ice beast hits you. The ice beast freezes you!
* * * LOW HITPOINT WARNING * * *
The adder skeleton barely misses you.
You climb upwards.
You are no longer corroded.
There is a stone staircase leading down here.
Unknown command.
It was a potion of haste.
You feel yourself speed up. The ice beast hits you.
* * * LOW HITPOINT WARNING * * *
The ice beast freezes you!
You die...

..###........####..####...###.#..
..#............#....# #.⌠.# #....
...............#....###...######.
....##............#..........#...
....#................⌠..>..⌠.#...
.........#.......................
..##....###.........###...###....
..##..#..#....#.##..# #.⌠.# #.#..
.....##.###...#Y@...###...#######
.....##...........###......##
............####..###.......#
...........## #.......##...###
).........######..............#
.........####.....#...#..#...##
...........###.####...#..#..##
........##..##...#..#...##..#####
..##...##....##>#...###.........#


You could see an ice beast.

Vanquished Creatures
  Purgy (Sewer)
  2 ogres
  2 howler monkeys
  A centaur zombie (D:3)
  A hound (D:4)
  2 jellies
  2 orc priests
  3 orc wizards
  Ijyb (D:4)
  An iguana (D:4)
  2 worker ants (D:4)
  A hound skeleton (D:4)
  8 gnolls
  A river rat (D:4)
  5 adders
  4 oozes
  An adder skeleton (D:4)
  A dart slug (D:1)
  13 orcs
  4 ball pythons
  3 giant cockroaches
  2 goblins (D:3)
  5 hobgoblins
  5 jackals
  8 kobolds
  5 quokkas
  7 bats
  6 frilled lizards
  A quokka skeleton (D:4)
  6 rats
104 creatures vanquished.

Notes
Turn   | Place    | Note
-------+----------+-------------------------------------------
     0 | D:1      | roguesci the Troll Monk began the quest for the Orb.
     0 | D:1      | Reached XP level 1. HP: 22/22 MP: 0/0
   372 | D:1      | Reached XP level 2. HP: 29/29 MP: 1/1
   637 | D:2      | Reached XP level 3. HP: 27/36 MP: 2/2
   760 | D:2      | Reached XP level 4. HP: 39/45 MP: 3/3
  1175 | D:2      | Reached XP level 5. HP: 53/53 MP: 4/4
  1652 | D:3      | Found an opulent altar of Gozag.
  1952 | D:4      | Noticed an ogre
  1966 | D:3      | Reached XP level 6. HP: 55/62 MP: 5/5
  2114 | D:4      | Found Azaelax's Lightly-Used Armoury.
  2203 | D:4      | Reached XP level 7. HP: 48/71 MP: 6/6
  2263 | D:4      | Found a staircase to the Ecumenical Temple.
  2321 | D:4      | Noticed Ijyb
  2335 | D:4      | Killed Ijyb
  2335 | D:4      | Reached skill level 5 in Dodging
  2355 | D:4      | Reached skill level 5 in Fighting
  2445 | D:4      | Found a sparkling altar of Nemelex Xobeh.
  2469 | D:4      | Found a glowing drain.
  2478 | Sewer    | Entered a sewer
  2607 | Sewer    | Noticed Purgy
  2617 | Sewer    | Killed Purgy
  2823 | D:4      | Found a shadowy altar of Dithmenos.
  2981 | D:4      | Found a shattered altar of Ashenzari.
  3082 | Temple   | Entered the Ecumenical Temple
  3298 | Temple   | Became a worshipper of Ru the Awakened
  3309 | Temple   | Gained mutation: You cannot train Armour skill. [Ru
                  | sacrifice]
  3309 | Temple   | Reached * piety under Ru
  3338 | D:5      | Entered Level 5 of the Dungeon
  3367 | D:5      | Reached skill level 5 in Unarmed Combat
  3408 | D:4      | Slain by an ice beast

Levels and vault maps discovered:
D:1:      lemuel_arrival_funnel, layout_basic
D:2:      layout_loops_ring
D:3:      layout_basic, st_stairs_11, minmay_liquid_box, grunt_gozag_statues
D:4:      layout_cave_pools, nemelex_xobeh_ov_fountains_minmay,
          kennysheep_little_box, minmay_temple_entry_junction, first_ration,
          portal_sewer_entry_a, grunt_ministairs_13, minmay_shop_damaged,
          nicolae_dithmenos_through_a_glass_darkly, uniq_ijyb
D:5:      layout_loops_ring, minitemple, uniq_menkaure, uniq_duvessa
Temple:   grunt_temple_mini_profane

Skill      XL: |  1  2  3  4  5  6  7 |
---------------+----------------------+-----
Dodging        | 3 4 5 |  5.3
Fighting       | 3 4 5 |  5.3
Unarmed Combat | 4 5 |  5.0
Stealth        | |  1.0

Action                   |  1- 3 |  4- 6 |  7- 9 || total
-------------------------+-------+-------+-------++-------
Melee: Unarmed           |    52 |   154 |   103 ||   309
       Punch             |       |     5 |     2 ||     7
Throw: Stone             |       |       |     4 ||     4
Invok: Sacrifice Durabil |       |       |     1 ||     1
  Use: Scroll            |       |     3 |       ||     3
       Potion            |       |       |     4 ||     4
 Stab: Sleeping          |     4 |       |       ||     4
       Distracted        |     1 |       |       ||     1
  Eat: Ration            |     1 |       |       ||     1
       Chunk             |       |    22 |     4 ||    26
Armor: Robe              |    21 |    55 |    25 ||   101
Dodge: Dodged            |    25 |    91 |    88 ||   204
Block: Other             |       |     7 |    16 ||    23
